 Dungeon Crawl Stone Soup version 0.21-a0-286-g6fcecc0 (webtiles) character file.

102 tidbits the Grave Robber (level 4, 7/33 HPs)
             Began as a Draconian Necromancer on Sept 25, 2017.
             Quit the game on level 3 of the Dungeon.
             The game lasted 00:08:10 (1571 turns).

tidbits the Grave Robber (Draconian Necromancer)    Turns: 1571, Time: 00:08:10

Health: 7/33       AC:  5    Str: 11    XL:     4   Next: 49%
Magic:  0/8        EV: 17    Int: 16    God:
Gold:   75         SH:  0    Dex: 16    Spells: 0/8 levels left

rFire    . . .     SeeInvis .   p - +3 hand axe
rCold    . . .     Gourm    .   (no shield)
rNeg     . . .     Faith    .   (armour unavailable)
rPois    .         Spirit   .   (helmet restricted)
rElec    .         Reflect  .   (no cloak)
rCorr    .         Harm     .   (no gloves)
MR       .....                  (no boots)
Stlth    +++.......             (no amulet)
HPRegen  0.11/turn              (no ring)
MPRegen  0.11/turn              (no ring)

@: agile, quite poisoned (7 -> 4)
A: unfitting armour, cold-blooded, AC +5
a: no special abilities


You were on level 3 of the Dungeon.
You were not hungry.

You visited 1 branch of the dungeon, and saw 3 of its levels.

You collected 75 gold pieces.

Inventory:

Hand Weapons
 c - a +0 short sword
 e - a +0 club
 n - a +0 short sword
 p - a +3 hand axe (weapon)
Missiles
 f - 26 arrows
Scrolls
 d - a scroll of identify {unknown}
 h - a scroll of amnesia {unknown}
 i - a scroll of teleportation {unknown}
 o - a scroll of fear {unknown}
Books
 a - a book of Necromancy

   Spells                             Type                      Level
   a - Pain                           Necromancy                   1
   b - Animate Skeleton               Necromancy                   1
   c - Vampiric Draining              Necromancy                   3
   d - Regeneration                   Charms/Necromancy            3
   e - Animate Dead                   Necromancy                   4
   f - Control Undead                 Necromancy                   4
Comestibles
 b - a bread ration
 j - a meat ration
 k - a royal jelly
 m - 2 fruits


   Skills:
 - Level 1.7 Dodging
 - Level 1.7 Stealth
 + Level 2.7 Spellcasting
 * Level 5.5 Necromancy


You couldn't memorise any spells.
You knew the following spells:

 Your Spells              Type           Power        Failure   Level  Hunger
a - Pain                  Necr           ###.         1%          1    #......
n - Animate Skeleton      Necr           N/A          1%          1    #......
r - Regeneration          Chrm/Necr      ##........   19%         3    ###....
v - Vampiric Draining     Necr           ###.......   6%          3    ###....


Dungeon Overview and Level Annotations

Branches:
Dungeon (3/15)

Altars:
Ashenzari


Innate Abilities, Weirdness & Mutations

Your plain brown scales are hard. (AC +5)
You cannot fit into any form of body armour.
You are cold-blooded and may be slowed by cold attacks.


Message History

A rat and a kobold come into view.
The kobold shouts!
The rat bites you.
You see here a runed hand axe.
p - a runed hand axe The rat barely misses you.
Wield which item (- for none, * to show all)? (? for menu, Esc to quit)
p - a +3 hand axe (weapon)
The kobold misses you. The rat bites you.
You miss the kobold. You hit the rat.
You kill the rat!
The kobold hits you but does no damage.
The orc wizard gestures wildly while chanting.
The orc wizard seems to speed up.
The orc wizard gestures wildly while chanting.
The orc wizard flickers and vanishes!
Deactivating autopickup; reactivate with Ctrl-A.
Found a meat ration.
Casting: Pain
Confirm with . or Enter, or press ? or * to list all spells.
Aiming: Pain
Press: ? - help, Shift-Dir - straight line, f - kobold
Aim: a kobold, wielding a club (chance to defeat MR: 89%)
The kobold writhes in agony!
The kobold closely misses you.
The orc hits you from afar with a trident.
A worm comes into view.
Okay, then.
It was a potion of curing.
You feel better. The kobold misses you.
It was a potion of agility.
You feel agile all of a sudden. The kobold closely misses you.
You hit the worm.
The worm is moderately wounded.
You hit the kobold.
You kill the kobold!
The adder closely misses you. The orc completely misses you.
Casting: Pain
Confirm with . or Enter, or press ? or * to list all spells.
Aiming: Vampiric Draining
Press: ? - help, Shift-Dir - straight line, f - worm
Aim: a worm (moderately wounded) Nothing appears to happen.
The adder closely misses you. The worm closely misses you.
The orc barely misses you.
You barely miss the worm.
The worm is moderately wounded.
You closely miss the adder. The adder misses you.
The adder bites you but does no damage. The orc closely misses you.
The worm bites you!
You slash the worm!
Your tail-slap misses the worm.
The worm is heavily wounded.
You barely miss the adder. The adder closely misses you. The orc misses you.
The adder bites you.
You hit the worm.
The worm is severely wounded.
You closely miss the adder. The adder bites you. The orc barely misses you.
The worm closely misses you.
You hit the worm.
The worm is almost dead.
You closely miss the adder. The adder bites you but does no damage.
The orc closely misses you. The adder closely misses you.
The worm barely misses you.
You hit the worm.
You kill the worm!
You hit the adder. The adder bites you.
* * * LOW HITPOINT WARNING * * *
You are poisoned.
The adder poisons you! The orc closely misses you.
The adder closely misses you. The orc closely misses you.
You closely miss the adder.
The adder is heavily wounded.
You feel sick. The adder completely misses you. The orc barely misses you.
Casting: Vampiric Draining
Confirm with . or Enter, or press ? or * to list all spells.
Aiming: Pain
Press: ? - help, Shift-Dir - straight line, f - adder
Aim: an adder (heavily wounded, chance to defeat MR: 84%)
The adder writhes in agony!
You kill the adder!
You feel sick.
The orc hits you from afar with a trident.
* * * LOW HITPOINT WARNING * * *
You hear some strange, mumbled words.
A puff of frost appears from out of thin air!
The puff of frost hits you!
* * * LOW HITPOINT WARNING * * *
Casting: Pain
Confirm with . or Enter, or press ? or * to list all spells.
You can't see any susceptible monsters within range! (Use Z to cast anyway.) Unknown command.
Casting: Pain
Confirm with . or Enter, or press ? or * to list all spells.
Aiming: Vampiric Draining
Press: ? - help, Shift-Dir - straight line You feel life coursing into your body.
You feel sick. Something hits you but does no damage. The orc misses you.
You aren't carrying any potions.
Unknown command.
Okay, then.
Are you sure you want to abandon this character and quit the game? (Confirm with "yes".)

.......#..÷...
..5.#.......
.............
............. ###
............. #..
............. #.#
............. #.#
.........?.. #@#
###........ ##{###
#..#.†...#
#..o.#####.##.#####
####...##...S..#
###.w###....#
##...#....#
###......# ###....#
#....#


You could see an orc.

Vanquished Creatures
  2 adders (D:3)
  A worm (D:3)
  4 dart slugs
  3 leopard geckos
  An orc (D:3)
  5 giant cockroaches
  7 goblins
  5 hobgoblins
  7 jackals
  7 kobolds
  8 bats
  4 frilled lizards
  8 rats
62 creatures vanquished.

Vanquished Creatures (collateral kills)
  A kobold (D:1)
1 creature vanquished.

Grand Total: 63 creatures vanquished

Notes
Turn   | Place    | Note
-------+----------+-------------------------------------------
     0 | D:1      | tidbits the Draconian Necromancer began the quest for the Orb.
     0 | D:1      | Reached XP level 1. HP: 14/14 MP: 3/3
   231 | D:1      | Reached XP level 2. HP: 11/20 MP: 0/5
   282 | D:1      | Learned a level 1 spell: Animate Skeleton
   598 | D:2      | Reached XP level 3. HP: 6/26 MP: 2/6
   653 | D:1      | Learned a level 3 spell: Vampiric Draining
   998 | D:3      | Reached skill level 5 in Necromancy
  1145 | D:1      | Found a shattered altar of Ashenzari.
  1328 | D:1      | Reached XP level 4. HP: 19/33 MP: 0/7
  1461 | D:2      | Learned a level 3 spell: Regeneration
  1571 | D:3      | Quit the game

Vault maps used:
D:1:      minmay_arrival_stone_box, evilmike_ruin_ashenzari
D:3:      kennysheep_the_goblin_king, first_bread

Skill      XL: |  1  2  3 |
---------------+----------+-----
Necromancy     | 5 |  5.5
Dodging        | |  1.7
Stealth        | |  1.7
Spellcasting   | |  2.7

Action                   |  1- 3 |  4- 6 || total
-------------------------+-------+-------++-------
Melee: Club              |    14 |       ||    14
       Short sword       |    11 |     9 ||    20
       Tailslap          |     2 |       ||     2
       Hand axe          |       |     8 ||     8
 Cast: Pain              |    90 |    13 ||   103
       Animate Skeleton  |     2 |     1 ||     3
       Vampiric Draining |     1 |     2 ||     3
  Use: Potion            |       |     2 ||     2
 Stab: Sleeping          |     1 |       ||     1
  Eat: Chunk             |     3 |     2 ||     5
Armor: Skin              |    18 |     5 ||    23
Dodge: Dodged            |    33 |    35 ||    68

Table legend:
 A = Spawn XP
 B = Non-spawn XP
 C = Spawn XP percentage of total XP
 D = Spawn monster count
 E = Non-spawn monster count
 F = Spawn count percentage of total count
 G = Total turns spent on level
                    A         B        C        D         E        F      G
               +---------+---------+-------+---------+---------+-------+---------
         Total |       0 |     146 |   0.0 |       0 |      63 |   0.0 |  1571
               +---------+---------+-------+---------+---------+-------+---------
           D:1 |       0 |      67 |   0.0 |       0 |      33 |   0.0 |  1033
           D:2 |       0 |      32 |   0.0 |       0 |      17 |   0.0 |   403
           D:3 |       0 |      47 |   0.0 |       0 |      13 |   0.0 |   135
               +---------+---------+-------+---------+---------+-------+---------

Table legend:
 A = Turns spent in this place as a percentage of turns spent in the entire game.
 B = Non-inter-level travel turns spent in this place as a percentage of non-inter-level travel turns spent in the entire game.
 C = Inter-level travel turns spent in this place as a percentage of turns spent in this place.
 D = Turns resting spent in this place as a percentage of non-inter-level travel turns spent in this place.
 E = Turns spent auto-exploring this place as a percentage of non-inter-level travel turns spent in this place.
 F = Non-inter-level travel turns spent in this place divided by the number of levels of this place that you've seen.
                   A       B       C       D       E      F
               +-------+-------+-------+-------+-------+----------------------
         Total | 100.0 | 100.0 |   4.4 |   0.0 |   0.0 | 500.7
       Dungeon | 100.0 | 100.0 |   4.4 |   0.0 |   0.0 | 500.7
               +-------+-------+-------+-------+-------+----------------------

Table legend:
 A = Kills in this place as a percentage of kills in entire the game.
 B = Kills by you in this place as a percentage of kills by you in the entire game.
 C = Kills by friends in this place as a percentage of kills by friends in the entire game.
 D = Other kills in this place as a percentage of other kills in the entire game.
 E = Experience gained in this place as a percentage of experience gained in the entire game.
 F = Experience gained in this place divided by the number of levels of this place that you have seen.
                   A       B       C       D       E      F
               +-------+-------+-------+-------+-------+----------------------
         Total | 100.0 | 100.0 | 100.0 |   N/A | 100.0 |  48.7
       Dungeon | 100.0 | 100.0 | 100.0 |   N/A | 100.0 |  48.7
               +-------+-------+-------+-------+-------+----------------------

Vault maps used:
D:1:      minmay_arrival_stone_box, evilmike_ruin_ashenzari
D:3:      kennysheep_the_goblin_king, first_bread
